 Dungeon Crawl Stone Soup version 0.24-a0-201-gf205589 (webtiles) character file.

Game seed: 17632143271808229269

38355 Borgoz the Slicer (level 14, 0/102 HPs)
             Began as a Ghoul Monk on Mar 23, 2019.
             Was an Elder of Ashenzari.
             Slain by a centaur warrior
             ... wielding the +9 trident "Meuharis" {elec, *Drain rElec Int+3 Dex+3}
              (13 damage)
             ... on level 14 of the Dungeon.
             The game lasted 00:49:49 (14992 turns).

Borgoz the Slicer (Ghoul Monk)                     Turns: 14992, Time: 00:49:49

Health: 0/102      AC: 22    Str: 16    XL:     14   Next: 1%
Magic:  17/17      EV: 18    Int:  7    God:    Ashenzari [****..]
Gold:   1113       SH:  0    Dex: 13    Spells: 18/19 levels left

rFire    . . .     SeeInvis +   a - +2 dagger (elec)
rCold    + . .     Gourm    .   (no shield)
rNeg     + + +     Faith    .   K - +0 acid dragon scales
rPois    ∞         Spirit   .   x - +0 helmet
rElec    .         Reflect  .   t - +0 cloak
rCorr    +         Harm     .   r - +0 pair of gloves
MR       +....     Clarity  +   L - +2 pair of boots
Stlth    +++.......             (no amulet)
HPRegen  0.00/turn              h - +5 ring of protection
MPRegen  0.15/turn              (no ring)

@: rotting, studying Crossbows
A: rotting body, claws 1, carnivore, cold resistance 1, negative energy
resistance 3, inhibited regeneration, torment resistance, unbreathing
a: Curse Item, Scrying, Renounce Religion


You were on level 14 of the Dungeon.
You worshipped Ashenzari.
Ashenzari was greatly pleased with you.
You were not hungry.

You visited 3 branches of the dungeon, and saw 16 of its levels.
You also visited: Bailey.

You collected 1113 gold pieces.

Inventory:

Hand Weapons
 a - a +2 dagger of electrocution (weapon)
 b - a +2 dagger of venom
 z - a +0 rapier
 A - a +0 dagger of flaming
 P - the cursed +0 war axe of Eternal War {chop, +Rage Int+2}
   (You found it in a bailey)

   It inflicts extra damage upon your enemies.
   It affects your intelligence (+2).
   It lets you go berserk.
   It has a curse placed upon it.
Missiles
 q - 14 tomahawks (quivered)
 v - 4 throwing nets
 N - 12 javelins of returning
Armour
 j - a +0 ring mail
 r - a +0 pair of gloves (worn)
 t - a +0 cloak (worn)
 x - a +0 helmet (worn)
 J - the +3 hat of Pondering {ponderous, MR+ MP+10 Int+5}
   (You took it off Gastronok on level 9 of the Dungeon)

   It affects your intelligence (+5).
   It affects your resistance to hostile enchantments.
   It affects your magic capacity (+10).
 K - +0 acid dragon scales (worn)
 L - a +2 pair of boots (worn)
Jewellery
 e - the ring of the Empire {*Slow Str+3 Dex+4}
   (You found it on level 13 of the Dungeon)

   [ring of dexterity]

   It affects your strength (+3).
   It affects your dexterity (+4).
   It may slow you when you take damage.
 h - a +5 ring of protection (left hand)
 y - an uncursed ring of fire
 D - an uncursed amulet of harm
Wands
 f - a wand of polymorph (7)
 i - a wand of enslavement (19)
 o - a wand of random effects (22)
 E - a wand of flame (27)
Scrolls
 d - 4 scrolls of amnesia
 l - 4 scrolls of remove curse
 n - 2 scrolls of magic mapping
 p - a scroll of enchant armour
 s - a scroll of enchant weapon
 B - a scroll of immolation
 G - 3 scrolls of fear
 M - a scroll of silence
 O - a scroll of acquirement {unknown}
Potions
 k - a potion of cancellation
 m - 2 potions of brilliance
 u - 2 potions of mutation
 w - a potion of resistance
 F - 2 potions of flight
 H - a potion of might
 I - a potion of lignification {unknown}
Books
 Q - a manual of Crossbows
Comestibles
 c - 27 rations


   Skills:
 - Level 3.2 Fighting
 + Level 12.2 Short Blades
 + Level 11.9 Armour
 + Level 12.2 Dodging
 + Level 5.5 Stealth
 + Level 3.2 Spellcasting
 + Level 3.2 Hexes


You had 18 spell levels left.
You knew the following spells:

 Your Spells              Type           Power        Failure   Level  Hunger
a - Confusing Touch       Hex            #.....       11%         1    ##.....

Your spell library contained the following spells:

 Spells                   Type           Power        Failure   Level  Hunger
 Corona                   Hex            #......      11%         1    ##.....
 Ensorcelled Hibernation  Hex/Ice        #.....       32%         2    ###....
 Confuse                  Hex            #.......     32%         3    ####...
 Tukima's Dance           Hex            #.......     32%         3    ####...
 Animate Skeleton         Necr           N/A          41%         1    ##.....
 Apportation              Tloc           #.....       41%         1    ##.....
 Summon Small Mammal      Summ           #...         41%         1    ##.....
 Call Imp                 Summ           #.......     54%         2    ###....
 Sticks to Snakes         Tmut           #.......     54%         2    ###....
 Dazzling Spray           Conj/Hex       #.....       54%         3    ####...
 Summon Guardian Golem    Hex/Summ       #.......     54%         3    ####...
 Call Canine Familiar     Summ           #.......     78%         3    ####...
 Summon Ice Beast         Ice/Summ       #.......     99%         4    #####..
 Summon Lightning Spire   Summ/Air       #.......     99%         4    #####..
 Silence                  Hex/Air        #.........   99%         5    ######.
 Conjure Ball Lightning   Conj/Air       #.........   100%        6    #######
 Deflect Missiles         Chrm/Air       #.........   100%        6    #######
 Tornado                  Air            #.........   100%        9    #######
 Beastly Appendage        Tmut           Unusable     N/A         1    N/A
 Spider Form              Tmut/Pois      Unusable     N/A         3    N/A
 Ice Form                 Ice/Tmut       Unusable     N/A         4    N/A
 Blade Hands              Tmut           Unusable     N/A         5    N/A

Dungeon Overview and Level Annotations

Branches:
Dungeon (14/15)            Temple (1/1) D:7            Lair (1/6) D:8
    Orc (0/2) D:9
 Vaults: D:13-14

Altars:
Ashenzari
Cheibriados
Dithmenos
Elyvilon
Fedhas
Gozag
Hepliaklqana
Kikubaaqudgha
Makhleb
Nemelex Xobeh
Okawaru
Qazlal
Ru
Sif Muna
Trog
Uskayaw
Vehumet
Wu Jian
Xom
Yredelemnul
Zin
The Shining One

Shops:
D:4 ?   D:6 (   D:12 %

Annotations:
D:3 1 runed translucent door, p0werm0de's ghost, weakling DsTm


Innate Abilities, Weirdness & Mutations

Your body is rotting away.
You thrive on raw meat.
You are immune to poison.
You have sharp fingernails.
You are carnivorous and can eat meat at any time.
Your flesh is cold resistant. (rC+)
You are immune to negative energy. (rN+++)
You do not regenerate when monsters are visible.
You are immune to unholy pain and torment.
You can survive without breathing.


Message History

The centaur warrior shoots an arrow.
The arrow closely misses you.
The centaur unwields a +0 shortbow.
The centaur wields a +0 dagger.
The centaur barely misses you.
The phantom hits you but does no damage.
The centaur warrior unwields a +0 longbow.
The centaur warrior wields the +9 trident "Meuharis" {elec, *Drain rElec Int+3 Dex+3}.
You hear the crackle of electricity.
The centaur warrior hits you with the +9 trident "Meuharis" {elec, *Drain rElec Int+3 Dex+3}!
You are electrocuted!!
* * * LOW HITPOINT WARNING * * *
Things that are here:
a +0 long sword; a +0 leather armour; a hornet corpse The centaur unwields a +0 dagger.
The centaur wields a +0 shortbow.
The centaur shoots an arrow.
The arrow misses you.
The centaur warrior hits you from afar with the +9 trident "Meuharis" {elec, *Drain rElec Int+3 Dex+3}.
* * * LOW HITPOINT WARNING * * *
You see here 2 arrows.
You closely miss the phantom.
The centaur warrior hits you from afar with the +9 trident "Meuharis" {elec, *Drain rElec Int+3 Dex+3}!
You die...

* , , , * * * * * .#
, .#* * ,' *
*,.###### * .' ,
.....# ###..# ≈
≈≈..######W....#
≈#####≈......e.......
, , #((@#≈.##...D...#
#.((W(.##()(c..##{* ,
#).(#c.D(.(....# ,
#####≈..(......# ***
≈≈≈≈≈≈....####.#,*,
...............#, { ,
....######.....##{,{
,....* #......####
,,####* *##.........


You could see a fire dragon, a centaur warrior and a phantom.

Vanquished Creatures
  Gastronok (D:9)
  Snorg (D:11)
  Harold (D:8)
  Erica (D:10)
  4 hydras
  3 centaur warriors (D:13)
  A death knight (D:11)
  2 two-headed ogres
  2 tengu warriors (D:14)
  A deep elf knight (D:14)
  Sonja (D:11)
  3 skeletal warriors (D:13)
  A flayed ghost (D:13)
  2 unseen horrors (D:13)
  A deep troll (D:13)
  A deep elf archer (D:13)
  2 deep elf magi
  An ugly thing (D:13)
  2 cyclopes (D:13)
  A manticore (D:13)
  3 centaur zombies
  Maurice (D:8)
  A centaur skeleton (D:13)
  A kobold demonologist (D:12)
  A spiny frog (Lair:1)
  A freezing wraith (D:14)
  4 tengu conjurers
  2 polar bears (D:11)
  5 trolls
  A troll (shapeshifter) (D:13)
  Prince Ribbit (D:6)
  Grinder (D:3)
  2 hornets
  2 hippogriffs
  5 slime creatures
  Sigmund (D:6)
  2 shadows (D:12)
  5 yaks (D:10)
  A wraith (D:13)
  2 basilisks (D:8)
  2 hungry ghosts
  2 vampire mosquitoes (D:12)
  A warg (D:9)
  2 acid dragons
  2 water moccasins
  2 porcupines (D:8)
  4 black bears
  3 ice beasts
  4 sky beasts
  A hornet zombie (D:11)
  14 orc warriors
  2 necrophages
  3 phantoms
  4 ogres
  3 wolves
  12 centaurs
  2 crocodiles (D:8)
  3 big kobolds
  3 gnoll sergeants
  6 bullfrogs
  9 scorpions
  6 killer bees
  24 wights
  7 howler monkeys
  3 crimson imps
  A quasit (D:7)
  4 hounds
  3 bullfrog skeletons
  4 bullfrog zombies
  6 orc priests
  14 orc wizards
  Natasha (D:2)
  Terence (D:2)
  5 iguanas
  10 worker ants
  A hound skeleton (D:5)
  A worker ant zombie (D:9)
  23 gnolls
  18 adders
  A howler monkey skeleton (D:8)
  7 shadow imps
  A white imp (D:14)
  An ooze (D:7)
  3 adder skeletons
  An adder zombie (D:6)
  2 worms
  A dart slug (D:1)
  56 orcs
  3 giant cockroaches
  13 goblins
  6 hobgoblins
  2 jackals (D:3)
  10 kobolds
  7 quokkas
  7 bats
  4 frilled lizards
  A jackal skeleton (D:5)
  A quokka zombie (D:9)
  6 rats
423 creatures vanquished.

Vanquished Creatures (others)
  A bullfrog (D:14)
  An orc (D:13)
  A bush (D:8)
  A fungus (D:8)
  2 plants (D:8)
6 creatures vanquished.

Grand Total: 429 creatures vanquished

Notes
Turn   | Place    | Note
-------+----------+-------------------------------------------
     0 | D:1      | Borgoz the Ghoul Monk began the quest for the Orb.
     0 | D:1      | Reached XP level 1. HP: 19/19 MP: 0/0
   139 | D:1      | Reached XP level 2. HP: 24/26 MP: 1/1
   533 | D:1      | Reached skill level 1 in Armour
  1262 | D:2      | Reached XP level 3. HP: 27/27 MP: 2/2
  1279 | D:2      | Noticed Natasha
  1290 | D:2      | Killed Natasha
  1296 | D:2      | Reached XP level 4. HP: 21/34 MP: 3/3
  1458 | D:2      | Noticed Terence
  1473 | D:2      | Killed Terence
  1824 | D:3      | Reached XP level 5. HP: 45/45 MP: 4/4
  1895 | D:3      | Noticed Grinder
  1913 | D:3      | Paralysed by Grinder for 5 turns
  1929 | D:3      | Paralysed by Grinder for 6 turns
  1940 | D:3      | Killed Grinder
  1940 | D:3      | Reached XP level 6. HP: 23/51 MP: 5/5
  2084 | D:3      | Found a runed translucent door.
  2295 | D:3      | Noticed p0werm0de's ghost (weakling DsTm)
  2508 | D:4      | Found Vaolitt's Magic Scroll Shop.
  2594 | D:4      | Got a warped hand axe
  2790 | D:4      | Reached XP level 7. HP: 57/57 MP: 6/6
  2905 | D:5      | Entered Level 5 of the Dungeon
  3023 | D:5      | Reached skill level 5 in Dodging
  3032 | D:5      | Reached skill level 5 in Short Blades
  3317 | D:5      | Reached XP level 8. HP: 53/63 MP: 7/7
  3603 | D:5      | Found a sacrificial altar of Ru.
  3659 | D:5      | Found a shimmering altar of Xom.
  3659 | D:5      | Found a glowing silver altar of Zin.
  3661 | D:5      | Found an ornate altar of the Wu Jian Council.
  3661 | D:5      | Found a hide-covered altar of Uskayaw.
  3661 | D:5      | Found a shimmering altar of Xom.
  3771 | D:6      | Noticed a two-headed ogre
  3832 | D:6      | Killed a two-headed ogre
  3832 | D:6      | Reached skill level 5 in Armour
  3832 | D:6      | Reached XP level 9. HP: 35/70 MP: 8/8
  3977 | D:6      | Noticed Prince Ribbit
  3994 | D:6      | Killed Prince Ribbit
  4137 | D:6      | Found Maneteb's Weapon Boutique.
  4319 | D:6      | Noticed Sigmund
  4324 | D:6      | Killed Sigmund
  4688 | D:6      | Noticed a troll
  4729 | D:6      | Killed a troll
  4924 | D:7      | Found a staircase to the Ecumenical Temple.
  4940 | Temple   | Entered the Ecumenical Temple
  5081 | Temple   | Became a worshipper of Ashenzari the Shackled
  5081 | Temple   | Reached * piety under Ashenzari
  5081 | Temple   | Reached ** piety under Ashenzari
  5183 | D:7      | Reached XP level 10. HP: 77/77 MP: 9/9
  6093 | D:8      | Noticed a two-headed ogre
  6137 | D:8      | Killed a two-headed ogre
  6566 | D:8      | Noticed Harold
  6592 | D:8      | Killed Harold
  6592 | D:8      | Reached XP level 11. HP: 46/81 MP: 10/10
  6613 | D:8      | Noticed Maurice
  6702 | D:8      | Killed Maurice
  6801 | D:8      | Found a staircase to the Lair.
  7135 | D:9      | Noticed Gastronok
  7299 | D:10     | Entered Level 10 of the Dungeon
  7299 | D:10     | Found an ancient bone altar of Kikubaaqudgha.
  7475 | D:10     | Noticed Erica
  7510 | D:10     | Killed Erica
  8066 | D:10     | Reached skill level 10 in Short Blades
  8151 | D:10     | Reached *** piety under Ashenzari
  8257 | D:11     | Reached skill level 10 in Dodging
  8271 | D:11     | Noticed Sonja
  8308 | D:11     | Killed Sonja
  8409 | D:11     | Noticed a death knight
  8526 | Lair:1   | Entered Level 1 of the Lair of Beasts
  8866 | D:9      | Found a staircase to the Orcish Mines.
  9069 | D:9      | Reached skill level 10 in Armour
  9276 | D:9      | Killed Gastronok
  9276 | D:9      | Reached XP level 12. HP: 79/89 MP: 11/11
  9904 | D:11     | Killed a death knight
 10165 | D:11     | Found a bloodstained altar of Trog.
 10328 | D:12     | Noticed Snorg
 10621 | D:12     | Found Ynoeten's Food Emporium.
 10621 | D:12     | Noticed a six-headed hydra
 10711 | D:11     | Killed Snorg
 11167 | D:12     | Killed a six-headed hydra
 11552 | D:13     | Reached XP level 13. HP: 34/94 MP: 12/12
 11893 | D:13     | Learned a level 1 spell: Confusing Touch
 11903 | D:13     | Identified the ring of the Empire {*Slow Str+3 Dex+4}
 12189 | D:13     | Reached skill level 1 in Spellcasting
 12189 | D:13     | Reached skill level 1 in Hexes
 13801 | D:14     | Reached skill level 5 in Stealth
 13916 | D:14     | Found a flagged portal.
 13924 | D:14     | Identified the +9 trident "Meuharis" {elec, *Drain rElec
                  | Int+3 Dex+3}
 13925 | D:14     | Noticed a fire dragon
 13949 | Bailey   | Entered a bailey
 13998 | Bailey   | Reached **** piety under Ashenzari
 14854 | Bailey   | Got the cursed war axe of Eternal War {chop, +Rage Int+2}
 14977 | D:14     | Reached XP level 14. HP: 50/102 MP: 15/17
 14992 | D:14     | Slain by a centaur warrior

Levels and vault maps discovered:
D:1:      giann_bridges, layout_basic
D:2:      layout_basic, uniq_natasha, uniq_terence
D:3:      layout_loops_ring, ebering_ghost_sewer_d, first_ration, uniq_grinder
D:4:      layout_cave_pods, serial_shops, nicolae_shop_window_shopping
D:5:      kennysheep_spiral_hall, layout_basic, doesnt_xom_only_xom,
          minmay_misc_feat_cross
D:6:      kennysheep_big_flooded_room, layout_gridville, serial_shops, shop,
          st_stairs_8, uniq_sigmund, uniq_prince_ribbit1
D:7:      layout_basic, minmay_temple_entry_glassed_door
D:8:      layout_cave_pools, minmay_lair_entry_grove, uniq_maurice, uniq_harold
D:9:      layout_roguey, erik_orc_3, blue_anna_alchemist
          [blue_anna_fruit_fields, blue_anna_fruit_fields], uniq_gastronok
D:10:     layout_irregular_city, basic_altar, uniq_erica
D:11:     layout_loops_cross, trog_ov_bears_minmay, uniq_sonja
D:12:     minmay_weird_star, layout_cross, serial_shops, shop_fountains,
          serial_undead, serial_undead_f, serial_undead_d, serial_undead_a,
          serial_undead_f, uniq_snorg
D:13:     minmay_crescents, layout_basic
D:14:     layout_basic, ximxim_vaults_locker_room, special_room
          [special_room_bee], chequers_serial_rivers_marsh, serial_ice,
          serial_ice_l, serial_ice_a, serial_ice_c, serial_ice_n,
          enter_bailey_3, minmay_hollow_rounded_squares
Temple:   kilobyte_greek_temple
Lair:1:   beast_lair_carwin_large_1, layout_loops_ring,
          small_statue_intersection
Bailey:   bailey_polearm_flooded_kennysheep, bailey

Skill      XL: |  1  2  3  4  5  6  7  8  9 10 11 12 13 |
---------------+----------------------------------------+-----
Short Blades   | 3 4 5 6 7 9 10 11 12 | 12.2
Dodging        | 3 4 5 6 7 9 10 11 12 | 12.2
Armour         | 1 2 3 4 5 7 8 10 11 | 11.9
Spellcasting   | 3 |  3.2
Hexes          | 3 |  3.2
Stealth        | 5 |  5.5
Fighting       | |  3.2

Action                   |  1- 3 |  4- 6 |  7- 9 | 10-12 | 13-15 || total
-------------------------+-------+-------+-------+-------+-------++-------
Melee: Short sword       |    73 |       |       |       |       ||    73
       Dagger            |    23 |   146 |   390 |  1285 |   739 ||  2583
Throw: Tomahawk          |       |       |     3 |     2 |     4 ||     9
 Cast: Confusing Touch   |       |       |       |       |     3 ||     3
Evoke: Wand              |       |       |     3 |    31 |       ||    34
  Use: Scroll            |       |     7 |       |    11 |     4 ||    22
       Potion            |       |       |       |    10 |    14 ||    24
 Stab: Sleeping          |     1 |     1 |       |     3 |     3 ||     8
       Invisible         |       |       |       |     8 |       ||     8
       Confused          |       |       |       |       |     5 ||     5
       Distracted        |       |       |       |       |     1 ||     1
  Eat: Chunk             |    11 |    13 |    34 |    86 |    59 ||   203
Armor: Robe              |    18 |       |       |       |       ||    18
       Ring mail         |     6 |    53 |   171 |   333 |       ||   563
       Acid dragon scale |       |       |       |    20 |   249 ||   269
Dodge: Dodged            |    66 |    76 |   244 |   725 |   579 ||  1690

Table legend:
 A = Non-vault XP
 B = Vault XP
 C = Vault XP percentage of total XP
 D = Non-vault monster count
 E = Vault monster count
 F = Vault count percentage of total count
                 A         B        C        D         E       F
            +---------+---------+-------+---------+---------+-------
      Total |   28774 |   26019 |  47.5 |     303 |     120 |  28.4
            +---------+---------+-------+---------+---------+-------
        D:1 |      27 |       0 |   0.0 |      14 |       0 |   0.0
        D:2 |      28 |      72 |  72.0 |      10 |       2 |  16.7
        D:3 |      67 |     277 |  80.5 |      25 |       1 |   3.8
        D:4 |     247 |       0 |   0.0 |      11 |       0 |   0.0
        D:5 |     734 |      34 |   4.4 |      25 |       1 |   3.8
        D:6 |    1851 |     953 |  34.0 |      20 |       5 |  20.0
        D:7 |    1629 |       0 |   0.0 |      34 |       0 |   0.0
        D:8 |    1977 |    2911 |  59.6 |      17 |      14 |  45.2
        D:9 |    1513 |    2908 |  65.8 |      33 |      20 |  37.7
       D:10 |    2044 |     965 |  32.1 |      13 |       1 |   7.1
       D:11 |    3953 |    2480 |  38.6 |      36 |       4 |  10.0
       D:12 |    4703 |     336 |   6.7 |      28 |       5 |  15.2
       D:13 |    4582 |   10635 |  69.9 |      23 |      17 |  42.5
       D:14 |    4895 |    2194 |  30.9 |      12 |      11 |  47.8
     Lair:1 |     524 |       0 |   0.0 |       2 |       0 |   0.0
     Bailey |       0 |    2254 | 100.0 |       0 |      39 | 100.0
            +---------+---------+-------+---------+---------+-------
